 Dungeon Crawl Stone Soup version 0.22-a0-282-gdd34a7d (webtiles) character file.

13974 ohad the Martial Artist (level 11, -5/105 (106) HPs)
             Began as a Grey Draconian Transmuter on Mar 17, 2018.
             Was a High Priest of Okawaru.
             Slain by Harold
             ... wielding a +0 halberd
              (8 damage)
             ... on level 11 of the Dungeon.
             The game lasted 00:34:10 (14997 turns).

ohad the Martial Artist (DrTm)                     Turns: 14997, Time: 00:34:11

HP:   -5/105 (106)  AC:  6    Str: 12    XL:     11   Next: 82%
MP:   7/14          EV: 16    Int: 17    God:    Okawaru [*****.]
Gold: 876           SH:  0    Dex: 12    Spells: 4/14 levels left

rFire    + . .     SeeInvis .     - Unarmed
rCold    + . .     Gourm    +   (shield currently unavailable)
rNeg     . . .     Faith    .   (armour unavailable)
rPois    +         Spirit   .   (helmet currently unavailable)
rElec    .         Reflect  .   (cloak currently unavailable)
rCorr    .         Harm     .   (gloves currently unavailable)
MR       .....                  (boots currently unavailable)
Stlth    +++.......             T - amulet of the gourmand
HPRegen  0.27/turn              W - ring of fire
MPRegen  0.14/turn              E - ring of fire

@: ice-form, heroism
A: large, (walk through water), unfitting armour, AC +12
a: End Transformation, Heroism, Finesse, Renounce Religion


You were on level 11 of the Dungeon.
You worshipped Okawaru.
Okawaru was extremely pleased with you.
You were completely stuffed.
You were a creature of crystalline ice.
You visited 2 branches of the dungeon, and saw 12 of its levels.

You collected 876 gold pieces.

Inventory:

Hand Weapons
 y - the +9 spear of Responsibility {pain, rF+ Dex+5, unknown}
   (You found it on level 4 of the Dungeon)

   In the hands of one skilled in necromantic magic, it inflicts extra damage on
   living creatures.
   It affects your dexterity (+5).
   It protects you from fire.
 J - a +3 quarterstaff of chaos
Missiles
 a - 223 arrows
 b - 91 poisoned needles
 p - 128 bolts
 u - 14 tomahawks (quivered)
Armour
 n - a +0 buckler
 q - a scarf of cloud immunity
 v - a +0 shield
 M - a +2 cloak of poison resistance (melded)
Magical Staves
 F - an uncursed staff of cold {unknown}
 N - an uncursed staff of wizardry {unknown}
Jewellery
 s - an uncursed amulet of magic regeneration
 E - a ring of fire (right front paw)
 I - an uncursed amulet of rage
 S - an uncursed ring of protection from cold
 T - an amulet of the gourmand (around neck)
 U - an uncursed ring of magical power
 W - a ring of fire (left front paw)
Wands
 D - a wand of flame (37)
 G - a wand of iceblast (10)
 H - a wand of digging (25)
 K - a wand of enslavement (12)
 O - a wand of disintegration (29)
 Q - a wand of polymorph (10)
 V - a wand of random effects (17)
Scrolls
 i - 4 scrolls of fog {unknown}
 k - a scroll of enchant armour {unknown}
 l - 7 scrolls of identify {unknown}
 o - 2 scrolls of immolation {unknown}
 r - 2 scrolls of enchant weapon {unknown}
 t - 4 scrolls of torment {unknown}
 x - 6 scrolls of remove curse
 A - a scroll of magic mapping {unknown}
 L - 2 scrolls of vulnerability {unknown}
 P - 2 scrolls of amnesia {unknown}
 R - a scroll of blinking {unknown}
Potions
 d - 5 potions of lignification {unknown}
 e - 3 potions of agility {unknown}
 f - 7 potions of curing {unknown}
 g - a potion of magic {unknown}
 h - 4 potions of flight {unknown}
 j - a potion of berserk rage {unknown}
 m - 2 potions of invisibility {unknown}
 w - a potion of haste {unknown}
 z - a potion of resistance {unknown}
 B - 4 potions of brilliance {unknown}
 C - a potion of degeneration {unknown}
 X - a potion of cancellation {unknown}
 Y - a potion of might
Comestibles
 c - 5 rations
 Z - 2 chunks of flesh


   Skills:
 * Level 5.8(10.8) Fighting
 * Level 6.6(11.6) Dodging
 + Level 12.1(17.1) Unarmed Combat
 - Level 2.0 Spellcasting
 - Level 10.7 Transmutations
 - Level 4.9 Invocations
 - Level 4.4 Evocations


You had 4 spell levels left.
You knew the following spells:

 Your Spells              Type           Power        Failure   Level  Hunger
a - Beastly Appendage     Tmut           #####.       1%          1    #......
b - Sticks to Snakes      Tmut           #####...     1%          2    ###....
c - Spider Form           Tmut/Pois      ###.......   6%          3    ###....
d - Ice Form              Ice/Tmut       ###.....     22%         4    #####..


Dungeon Overview and Level Annotations

Branches:
Dungeon (11/15)            Temple (1/1) D:6            Lair (0/6) D:11
    Orc (0/2) D:11

Altars:
Ashenzari
Cheibriados
Dithmenos
Elyvilon
Fedhas
Gozag
Hepliaklqana
Kikubaaqudgha
Makhleb
Okawaru
Qazlal
Ru
Sif Muna
Trog
Uskayaw
Vehumet
Wu Jian
Xom
Zin
The Shining One

Shops:
D:10 (

Annotations:
D:3 tilp's ghost, amateur DrSk
D:10 Sonja
D:11 Harold


Innate Abilities, Weirdness & Mutations

((You can walk through water.))
((Your dull iron-grey scales are very hard. (AC +12)))
You cannot fit into any form of body armour.
((You can survive without breathing.))
((You are cold-blooded and may be slowed by cold attacks.))


Message History

The centaur shoots an arrow.
The arrow closely misses you.
You barely miss Harold.
Harold is severely wounded.
Harold points at you and mumbles some strange words.
The bolt of fire hits you! You resist.
* * * LOW HITPOINT WARNING * * *
The centaur shoots an arrow.
The arrow hits you.
* * * LOW HITPOINT WARNING * * *
Put on which piece of jewellery? (? for menu, Esc to quit)
Okay, then.
Okay, then.
You gain the combat prowess of a mighty hero.
Harold hits you with a halberd!
* * * LOW HITPOINT WARNING * * *
The centaur shoots an arrow.
The arrow hits you but does no damage.
You barely miss Harold.
Harold is severely wounded.
The centaur shoots an arrow.
The arrow hits you but does no damage. Harold hits you with a halberd!
You die...

#...§≈≈≈...# ##.
#..§.≈≈§≈§.# #..
##.≈≈.§≈≈§.# ######
..>. #..≈≈>.≈§.#
#....# ..##
##..≈≈.≈≈..# #....#
#.
#...≈≈≈§§§.####....#
##)...§≈≈§.....'....#
).).........####....#
##...##.##### #Y...#
######.# #@...# #.#
#..c.# #.# #..$.# #.#
#....# #.# ###'## #.#
.# .#


You could see Harold and a centaur.

Vanquished Creatures
  2 two-headed ogres
  2 centaur warriors (D:9)
  An unseen horror (D:9)
  The ghost of Sergey the Cleaver, a novice MiAK of Lugonu (D:7)
  A cyclops (D:11)
  A centaur zombie (D:11)
  Joseph (D:7)
  Psyche (D:10)
  The ghost of nikopol the Magician, a novice DEFE of Vehumet (D:6)
  An ice statue (D:7)
  6 trolls
  3 hippogriffs
  A shadow (D:11)
  A wraith (D:9)
  A wyvern (D:8)
  4 yaks
  Grum (D:10)
  Eustachio (D:5)
  2 hungry ghosts
  A warg (shapeshifter) (D:9)
  A hell hound (D:11)
  Duvessa (D:5)
  2 water moccasins
  5 orc warriors
  A black bear (D:7)
  2 sky beasts
  2 necrophages (D:11)
  6 ogres
  2 wolves (D:10)
  4 centaurs
  3 big kobolds
  7 bullfrogs
  Dowan (D:5)
  3 scorpions
  A wyvern skeleton (D:9)
  A killer bee (D:9)
  4 wights (D:7)
  A howler monkey (D:8)
  2 electric eels (D:7)
  3 bullfrog zombies
  A jelly (D:9)
  4 orc priests
  Crazy Yiuf (D:7)
  7 hounds
  8 orc wizards
  A gnoll shaman (D:8)
  2 iguanas
  7 worker ants
  Natasha (thrice) (D:2)
  A hound zombie (D:7)
  2 hound skeletons (D:6)
  A worker ant zombie (D:9)
  8 gnolls
  A howler monkey skeleton (D:4)
  9 adders
  A shadow imp (D:9)
  An ooze (D:4)
  2 adder zombies
  4 adder skeletons
  2 worms
  A dart slug (D:2)
  6 leopard geckos
  44 orcs
  8 bats
  4 giant cockroaches
  4 goblins
  5 hobgoblins
  3 jackals (D:2)
  5 quokkas
  2 ball pythons
  4 frilled lizards
  17 kobolds
  A quokka zombie (D:5)
  4 rats
259 creatures vanquished.

Vanquished Creatures (collateral kills)
  A hungry ghost (D:5)
1 creature vanquished.

Vanquished Creatures (others)
  An adder (D:11)
1 creature vanquished.

Grand Total: 261 creatures vanquished

Notes
Turn   | Place    | Note
-------+----------+-------------------------------------------
     0 | D:1      | ohad the Draconian Transmuter began the quest for the Orb.
     0 | D:1      | Reached XP level 1. HP: 16/16 MP: 3/3
   329 | D:1      | Reached XP level 2. HP: 14/23 MP: 5/5
  1017 | D:2      | Reached XP level 3. HP: 27/28 MP: 4/6
  1283 | D:2      | Learned a level 2 spell: Sticks to Snakes
  1287 | D:2      | Learned a level 3 spell: Spider Form
  1309 | D:2      | Noticed Natasha
  1317 | D:2      | Killed Natasha
  1317 | D:2      | Reached XP level 4. HP: 35/35 MP: 3/7
  1427 | D:2      | Noticed Natasha
  1431 | D:2      | Killed Natasha
  1442 | D:2      | Noticed Natasha
  1449 | D:2      | Killed Natasha
  1449 | D:2      | Reached skill level 5 in Transmutations
  1958 | D:3      | Reached XP level 5. HP: 39/40 MP: 6/8
  2260 | D:3      | Found a deep blue altar of Sif Muna.
  2263 | D:3      | Found a hide-covered altar of Uskayaw.
  2266 | D:3      | Found a shattered altar of Ashenzari.
  2467 | D:3      | Noticed tilp's ghost (amateur DrSk)
  2911 | D:4      | Got a scorched spear
  3118 | D:4      | Noticed a phantom
  3688 | D:4      | Noticed an ogre
  3699 | D:4      | Killed an ogre
  3699 | D:4      | Reached XP level 6. HP: 47/47 MP: 7/9
  3827 | D:5      | Entered Level 5 of the Dungeon
  3833 | D:5      | Noticed Eustachio
  3855 | D:5      | Killed Eustachio
  4005 | D:5      | Found Lirhinlutz's Antique Armour Boutique.
  4007 | D:5      | Noticed a sky beast
  4022 | D:5      | Killed a sky beast
  4022 | D:5      | Your scales start taking on a dull iron-grey colour.
  4022 | D:5      | Reached XP level 7. HP: 38/52 MP: 6/10
  4022 | D:5      | Gained mutation: You can survive without breathing. [Grey Draconian growth]
  4231 | D:5      | Noticed Duvessa
  4231 | D:5      | Noticed Dowan
  4254 | D:5      | Killed Duvessa
  4267 | D:5      | Killed Dowan
  4414 | D:5      | Learned a level 4 spell: Ice Form
  5096 | D:6      | Noticed a hungry ghost
  5243 | D:6      | Found a sacrificial altar of Ru.
  5266 | D:6      | Found a staircase to the Ecumenical Temple.
  5274 | Temple   | Entered the Ecumenical Temple
  5283 | Temple   | Became a worshipper of Warmaster Okawaru
  5867 | D:6      | Reached XP level 8. HP: 52/59 MP: 11/11
  5941 | D:6      | Noticed nikopol's ghost (novice DEFE)
  6196 | D:6      | Killed nikopol's ghost
  6196 | D:6      | Reached skill level 10 in Transmutations
  6857 | D:7      | Found a runed door.
  6924 | D:7      | Noticed Crazy Yiuf
  6931 | D:7      | Killed Crazy Yiuf
  7071 | D:7      | Found a snail-covered altar of Cheibriados.
  7087 | D:7      | Reached skill level 1 in Evocations
  7438 | D:7      | Noticed Sergey's ghost (novice MiAK)
  7519 | D:7      | Reached * piety under Okawaru
  7808 | D:7      | Reached skill level 1 in Invocations
  7808 | D:7      | Reached XP level 9. HP: 53/64 MP: 9/12
  7959 | D:7      | Noticed Joseph
  7995 | D:7      | Killed Joseph
  8251 | D:7      | Found a snail-covered altar of Cheibriados.
  8267 | D:7      | Reached ** piety under Okawaru
  8283 | D:7      | HP: 4/82 [orc warrior/halberd (14)]
  8998 | D:7      | Noticed an ice statue
  9062 | D:7      | Killed an ice statue
  9338 | D:7      | Found a hazy altar of Hepliaklqana.
  9375 | D:7      | Killed Sergey's ghost
  9375 | D:7      | Reached skill level 5 in Dodging
  9475 | D:7      | Found an ornate altar of the Wu Jian Council.
  9477 | D:7      | Found a blossoming altar of Fedhas.
  9653 | D:8      | Reached XP level 10. HP: 80/80 MP: 10/13
 10226 | D:8      | Reached skill level 4 in Unarmed Combat
 10255 | D:8      | Reached *** piety under Okawaru
 10433 | D:8      | Noticed a two-headed ogre
 10441 | D:8      | Killed a two-headed ogre
 10441 | D:8      | Reached skill level 6 in Unarmed Combat
 11103 | D:8      | Reached skill level 7 in Unarmed Combat
 11541 | D:9      | Found a runed door.
 11543 | D:9      | Noticed a centaur warrior
 11544 | D:9      | Found a runed door.
 11544 | D:9      | Found a runed door.
 11561 | D:9      | Killed a centaur warrior
 11561 | D:9      | Reached **** piety under Okawaru
 11561 | D:9      | Reached skill level 8 in Unarmed Combat
 11571 | D:9      | Reached skill level 9 in Unarmed Combat
 11752 | D:9      | Noticed a centaur warrior
 11765 | D:9      | Killed a centaur warrior
 11765 | D:9      | Reached XP level 11. HP: 85/85 MP: 8/14
 11772 | D:9      | Killed an unseen horror
 11772 | D:9      | Reached ***** piety under Okawaru
 11772 | D:9      | Reached skill level 10 in Unarmed Combat
 12679 | D:9      | Found a radiant altar of Vehumet.
 12799 | D:10     | Entered Level 10 of the Dungeon
 12908 | D:10     | Noticed a two-headed ogre
 12922 | D:10     | Killed a two-headed ogre
 13068 | D:9      | Reached skill level 11 in Unarmed Combat
 13161 | D:10     | Found Avooph's Antique Weapon Shoppe.
 13178 | D:10     | Reached skill level 5 in Fighting
 13758 | D:10     | Noticed Psyche
 13765 | D:10     | Killed Psyche
 13811 | D:10     | Noticed Grum
 13833 | D:10     | Killed Grum
 14049 | D:10     | Noticed Sonja
 14188 | D:11     | Found a staircase to the Orcish Mines.
 14561 | D:11     | Received a gift from Okawaru
 14652 | D:11     | Reached skill level 12 in Unarmed Combat
 14923 | D:11     | Found a staircase to the Lair.
 14978 | D:11     | Noticed Harold
 14996 | D:11     | HP: 2/105 [Harold/halberd (14)]
 14997 | D:11     | Slain by Harold

Vault maps used:
D:1:      shiori_arrival_whats_in_store_for_you
D:2:      wad_pebble_path, first_ration, uniq_natasha
D:3:      grunt_temple_overflow_diamond, kennysheep_small_spiral
D:4:      minmay_diamond_boxcup
D:5:      cheibrodos_quashed, serial_shops, shop, uniq_eustachio, uniq_duvessa
D:6:      kennysheep_mini, minmay_temple_entry_junction,
          serial_co_window_serial, co_window_paths_a, co_window_corner_a,
          co_window_corner_a, co_window_corner_a, co_window_paths_a,
          co_window_corner_b, co_window_broadway_c, co_window_corner_ca,
          co_window_corner_cb, co_window_of_opportunity_c, co_window_corner_cb,
          co_window_4corner_a, co_window_paths_e, glass_columns_a,
          kennysheep_crisscross, minmay_misc_feat_rows
D:7:      statuecave_lemuel, lemuel_doored_altar, grunt_temple_overflow_open,
          cheibrodos_worm_habitat, uniq_joseph, uniq_crazy_yiuf_cottage
D:9:      minmay_the_grid_four_pointed_star, fiery_altar_vehumet
D:10:     serial_shops, shop, uniq_sonja, uniq_psyche, uniq_grum
D:11:     minmay_lair_entry_lava, erik_orc_3, serial_undead, serial_undead_b,
          serial_undead_d, serial_undead_a, serial_undead_c, serial_undead_e,
          serial_undead_b, uniq_harold
Temple:   cyrus_circular_temple

Skill      XL: |  1  2  3  4  5  6  7  8  9 10 11 |
---------------+----------------------------------+-----
Transmutations | 3 4 5 6 7 9 10 | 10.7
Evocations     | 4 |  4.4
Invocations    | 1 4 |  4.9
Fighting       | 4 5 |  5.8
Dodging        | 5 6 |  6.6
Unarmed Combat | 9 12 | 12.1
Spellcasting   | |  2.0

Action                   |  1- 3 |  4- 6 |  7- 9 | 10-12 || total
-------------------------+-------+-------+-------+-------++-------
Melee: Unarmed           |   130 |   175 |   316 |   352 ||   973
       Tailslap          |     8 |    11 |    14 |     1 ||    34
       Kick              |     8 |     9 |     4 |       ||    21
       Headbutt          |     5 |     4 |       |       ||     9
       Punch             |       |     2 |     2 |     1 ||     5
 Cast: Beastly Appendage |    13 |     9 |     3 |       ||    25
       Spider Form       |     1 |    12 |    10 |       ||    23
       Ice Form          |       |       |    21 |    33 ||    54
       Sticks to Snakes  |       |       |     1 |       ||     1
Invok: Heroism           |       |       |     5 |    15 ||    20
 Abil: Evoke Berserk Rag |       |       |     4 |     3 ||     7
       End Transformatio |       |       |     1 |       ||     1
  Use: Scroll            |       |       |     1 |     2 ||     3
       Potion            |       |       |       |     1 ||     1
 Stab: Sleeping          |       |     1 |     1 |     1 ||     3
  Eat: Chunk             |     2 |    10 |    10 |    41 ||    63
       Ration            |       |       |     7 |     2 ||     9
Armor: Skin              |    41 |    46 |    88 |    83 ||   258
Dodge: Dodged            |   106 |   137 |   209 |   256 ||   708

Table legend:
 A = Spawn XP
 B = Non-spawn XP
 C = Spawn XP percentage of total XP
 D = Spawn monster count
 E = Non-spawn monster count
 F = Spawn count percentage of total count
 G = Total turns spent on level
                    A         B        C        D         E        F      G
               +---------+---------+-------+---------+---------+-------+---------
         Total |       0 |   19963 |   0.0 |       0 |     261 |   0.0 | 14997
               +---------+---------+-------+---------+---------+-------+---------
           D:1 |       0 |      15 |   0.0 |       0 |      10 |   0.0 |   666
           D:2 |       0 |     165 |   0.0 |       0 |      27 |   0.0 |  1227
           D:3 |       0 |      42 |   0.0 |       0 |      13 |   0.0 |   913
           D:4 |       0 |     258 |   0.0 |       0 |      12 |   0.0 |  1104
           D:5 |       0 |     965 |   0.0 |       0 |      17 |   0.0 |  1632
           D:6 |       0 |     818 |   0.0 |       0 |      14 |   0.0 |  1913
           D:7 |       0 |    3105 |   0.0 |       0 |      41 |   0.0 |  2118
           D:8 |       0 |    2853 |   0.0 |       0 |      40 |   0.0 |  1836
           D:9 |       0 |    5446 |   0.0 |       0 |      35 |   0.0 |  1513
          D:10 |       0 |    3122 |   0.0 |       0 |      22 |   0.0 |  1430
          D:11 |       0 |    3174 |   0.0 |       0 |      30 |   0.0 |   626
               +---------+---------+-------+---------+---------+-------+---------
